 Dungeon Crawl Stone Soup version 0.20-a0-1109-ge3cd172 (webtiles) character file.

9112 MydosGodOfBeginnings the Geomancer (level 10, -3/78 HPs)
             Began as a Demigod Earth Elementalist on May 5, 2017.
             Slain by an unseen horror (8 damage)
             ... on level 10 of the Dungeon.
             The game lasted 01:03:13 (13769 turns).

MydosGodOfBeginnings the Geomancer (DgEE)          Turns: 13769, Time: 01:03:14

Health: -3/78      AC:  6    Str: 14    XL:     10   Next: 99%
Magic:  22/22      EV: 17    Int: 27    God:
Gold:   416        SH:  6    Dex: 22    Spells: 7/20 levels left

rFire    + + .     SeeInvis .   L - +10 whip of the Moon {flame, rF+ MR+ Str+3}
rCold    . . .     Gourm    .   P - +0 buckler
rNeg     + + .     Faith    .   u - +2 animal skin
rPois    .         Spirit   .   v - +0 helmet
rElec    .         Reflect  .   j - scarf {cloud immunity}
rCorr    .         Harm     .   w - +0 pair of gloves
MR       ++...                  (no boots)
Stlth    ++........             (no amulet)
Regen    0.3/turn               Y - ring of Brilliance {+Fly rF+ rN++ Dex+6}
MPRegen  0.2/turn               I - +2 ring of intelligence

@: no status effects
A: high mp 1
a: Evoke Flight


You were on level 10 of the Dungeon.
You were very hungry.

You visited 1 branch of the dungeon, and saw 10 of its levels.

You collected 672 gold pieces.
You spent 256 gold pieces at shops.

Inventory:

Hand Weapons
 b - a +0 whip of electrocution
 L - the +10 whip of the Moon (weapon) {flame, rF+ MR+ Str+3}
   (You found it on level 5 of the Dungeon)

   It has been specially enchanted to burn those struck by it, causing extra
   injury to most foes and up to half again as much damage against particularly
   susceptible opponents.
   It affects your strength (+3).
   It protects you from fire.
   It affects your resistance to hostile enchantments.
Missiles
 E - 99 stones (quivered)
Armour
 j - a scarf of cloud immunity (worn)
 u - a +2 animal skin (worn)
 v - a +0 helmet (worn)
 w - a +0 pair of gloves (worn)
 N - the cursed +1 scale mail "Muakloru" {Int+4, unknown}
   (You found it on level 6 of the Dungeon)

   It affects your intelligence (+4).
   It has a curse placed upon it.
 P - a +0 buckler (worn)
 Z - a cursed +0 shield
Magical Staves
 s - an uncursed staff of cold {unknown}
Jewellery
 r - an uncursed ring of fire
 z - an uncursed ring of positive energy
 I - a +2 ring of intelligence (right hand)
 U - an uncursed ring of wizardry {unknown}
 W - a +2 ring of dexterity
 Y - the ring of Brilliance (left hand) {+Fly rF+ rN++ Dex+6}
   (You found it on level 9 of the Dungeon)

   [ring of flight]

   It affects your dexterity (+6).
   It protects you from fire.
   It greatly protects you from negative energy.
   It lets you fly.
Wands
 q - a wand of iceblast (10/15)
 D - a wand of disintegration (15/24)
 F - a wand of iceblast (12/15)
 H - a wand of paralysis (8/24)
Scrolls
 a - 4 scrolls of enchant weapon {unknown}
 i - 3 scrolls of amnesia
 k - 3 scrolls of blinking {unknown}
 l - 2 scrolls of noise {unknown}
 n - a scroll of fear {unknown}
 p - 4 scrolls of remove curse
 x - 2 scrolls of identify
 y - a scroll of immolation {unknown}
 B - a scroll of teleportation
 J - 2 scrolls of recharging {unknown}
 O - a scroll of fog {unknown}
 Q - a scroll of magic mapping {unknown}
 S - a scroll of random uselessness {unknown}
Potions
 c - 5 potions of curing
 f - 2 potions of magic
 g - 2 potions of heal wounds
 h - a potion of brilliance {unknown}
 m - a potion of berserk rage {unknown}
 o - 2 potions of lignification {unknown}
 t - 2 potions of ambrosia {unknown}
 G - a potion of agility {unknown}
 M - 2 potions of degeneration {unknown}
 R - a potion of invisibility {unknown}
 V - 2 potions of haste {unknown}
 X - a potion of might {unknown}
Books
 e - a book of Geomancy

   Spells                             Type                      Level
   a - Sandblast                      Earth                        1
   b - Passwall                       Transmutation/Earth          2
   c - Stone Arrow                    Conjuration/Earth            3
   d - Petrify                        Transmutation/Earth          4
   e - Lee's Rapid Deconstruction     Earth                        5
 T - a book of Enchantments

   Spells                             Type                      Level
   a - Cause Fear                     Hexes                        4
   b - Yara's Violent Unravelling     Hexes/Transmutation          5
   c - Silence                        Hexes/Air                    5
   d - Deflect Missiles               Charms/Air                   6
   e - Discord                        Hexes                        8
Comestibles
 d - 6 bread rations
 C - 4 meat rations
 K - 2 royal jellies


   Skills:
 + Level 4.0 Fighting
 * Level 6.9 Maces & Flails
 + Level 5.5 Dodging
 - Level 1.7 Stealth
 - Level 5.6 Shields
 + Level 5.9 Spellcasting
 + Level 4.3 Conjurations
 + Level 3.0 Transmutations
 + Level 8.3 Earth Magic


You had 7 spell levels left.
You knew the following spells:

 Your Spells              Type           Power        Failure   Level  Hunger
a - Sandblast             Erth           ######       1%          1    None
b - Stone Arrow           Conj/Erth      #####.       1%          3    None
c - Petrify               Tmut/Erth      #####...     6%          4    ###....
d - Lee's Rapid Deconstr  Erth           ######....   6%          5    #####..


Dungeon Overview and Level Annotations

Branches:
Dungeon (10/15)            Temple (0/1) D:7            Lair (0/6) D:8
    Orc (0/2) D:9

Shops:
D:6 [[   D:10 =

Annotations:
D:10 Snorg


Innate Abilities, Weirdness & Mutations

You have an increased reservoir of magic. (+10% MP)


Message History

Something closely misses you. The vampire mosquito barely misses you.
Something completely misses you. The vampire mosquito bites you.
The vampire mosquito draws strength from your injuries!
Something hits you! Something hits you. Something hits you!
* * * LOW HITPOINT WARNING * * *
Something hits you.
* * * LOW HITPOINT WARNING * * *
Something hits you!
* * * LOW HITPOINT WARNING * * *
Something hits you but does no damage. Something barely misses you.
Something hits you.
* * * LOW HITPOINT WARNING * * *
Something hits you.
* * * LOW HITPOINT WARNING * * *
Something hits you!
* * * LOW HITPOINT WARNING * * *
You block something's attack. Something hits you!
You die...

# ..#####...# # #...
...........# # #..#
#..........# # #..#
#..######..# # #..#
#..# #..# #
#..###..######..# #
#...............####
#
#...................
#
#..@....########....
# #y#####.# #.... #
#.# #.# #.... # #y#
#.# #.... # #y# #.#
#.... # #.# #.#
#.... # #.#####.#
#.... #
#.......########....
#
#...................


You could see a vampire mosquito.

Vanquished Creatures
  2 two-headed ogres
  Pikel (D:7)
  3 trolls
  2 hippogriffs
  6 yaks (D:9)
  A hungry ghost (D:7)
  Duvessa (D:5)
  A slave (D:7)
  4 orc warriors
  3 ice beasts
  5 phantoms
  6 ogres
  4 centaurs
  2 big kobolds (D:8)
  Dowan (D:5)
  7 bullfrogs
  2 scorpions
  A troll zombie (D:9)
  12 killer bees
  4 howler monkeys
  5 crimson imps
  A quasit (D:10)
  4 centaur zombies
  2 hounds
  A jelly (D:9)
  4 orc priests
  2 centaur skeletons
  5 iguanas
  Ijyb (D:5)
  Terence (D:3)
  4 orc wizards
  5 worker ants
  7 ogre zombies (D:9)
  A hound zombie (D:4)
  Robin (D:2)
  4 worker ant zombies
  11 gnolls
  12 adders
  3 shadow imps
  3 adder skeletons
  2 adder zombies
  3 worms
  4 dart slugs
  4 leopard geckos
  38 orcs
  2 ball pythons (D:5)
  5 bats
  4 giant cockroaches
  15 goblins
  9 hobgoblins
  10 jackals
  16 kobolds
  2 quokkas
  2 ball python zombies (D:4)
  7 frilled lizards
  A giant cockroach zombie (D:4)
  2 goblin skeletons (D:9)
  2 hobgoblin zombies (D:9)
  A jackal skeleton (D:4)
  3 leopard gecko zombies
  3 orc skeletons (D:9)
  18 orc zombies (D:9)
  A quokka skeleton (D:4)
  A quokka zombie (D:4)
  11 rats
311 creatures vanquished.

Vanquished Creatures (others)
  A quasit (D:7)
  A jelly (D:7)
  3 withered plants (D:4)
5 creatures vanquished.

Grand Total: 316 creatures vanquished

Notes
Turn   | Place    | Note
-------+----------+-------------------------------------------
     0 | D:1      | MydosGodOfBeginnings the Demigod Earth Elementalist began the quest for the Orb.
     0 | D:1      | Reached XP level 1. HP: 14/14 MP: 5/5
   166 | D:1      | Reached skill level 3 in Earth Magic
   297 | D:1      | Reached XP level 2. HP: 20/20 MP: 5/7
   874 | D:2      | Reached XP level 3. HP: 23/26 MP: 5/8
   879 | D:2      | Learned a level 3 spell: Stone Arrow
  1312 | D:2      | Noticed Robin
  1957 | D:2      | Killed Robin
  1957 | D:2      | Reached skill level 4 in Earth Magic
  2284 | D:2      | Reached XP level 4. HP: 31/33 MP: 10/10
  2689 | D:3      | Found a shimmering altar of Xom.
  3194 | D:3      | Reached XP level 5. HP: 30/39 MP: 9/11
  3592 | D:3      | Noticed Terence
  3608 | D:3      | Killed Terence
  3723 | D:3      | Reached skill level 1 in Conjurations
  3926 | D:4      | Reached skill level 1 in Fighting
  4061 | D:4      | Noticed an ogre
  4068 | D:4      | Killed an ogre
  4068 | D:4      | Reached skill level 5 in Earth Magic
  4068 | D:4      | Reached XP level 6. HP: 40/47 MP: 0/13
  5466 | D:4      | Reached XP level 7. HP: 50/52 MP: 9/15
  5591 | D:4      | Reached skill level 6 in Earth Magic
  6082 | D:5      | Entered Level 5 of the Dungeon
  6477 | D:5      | Found a deep blue altar of Sif Muna.
  6681 | D:5      | Noticed Duvessa
  6681 | D:5      | Noticed Dowan
  6742 | D:5      | Killed Duvessa
  6745 | D:5      | Killed Dowan
  7036 | D:5      | Noticed Ijyb
  7041 | D:5      | Killed Ijyb
  7206 | D:5      | Reached XP level 8. HP: 61/61 MP: 17/17
  7379 | D:5      | Reached skill level 7 in Earth Magic
  7389 | D:5      | Learned a level 4 spell: Petrify
  7395 | D:5      | Learned a level 5 spell: Lee's Rapid Deconstruction
  7423 | D:5      | Got a transparent whip
  7424 | D:5      | Identified the +10 whip of the Moon {flame, rF+ MR+ Str+3} (You found it on level 5 of the Dungeon)
  7501 | D:6      | Found Jomaet's Armour Emporium.
  7508 | D:6      | Got an ancient scale mail
  7656 | D:6      | Reached skill level 1 in Maces & Flails
  8313 | D:6      | Found Ibet's Antique Armour Emporium.
  8326 | D:6      | Bought a faintly humming helmet for 256 gold pieces
  8336 | D:6      | Identified the cursed -4 helmet of the Gardener {rElec Str+6} (You bought it in a shop on level 6 of the Dungeon)
  8514 | D:7      | Noticed Pikel
  8529 | D:7      | Killed Pikel
  8529 | D:7      | Reached XP level 9. HP: 43/68 MP: 0/19
  8755 | D:7      | Found a staircase to the Ecumenical Temple.
  9457 | D:8      | Reached skill level 1 in Shields
  9459 | D:8      | Reached skill level 1 in Transmutations
  9572 | D:8      | Found a staircase to the Lair.
  9726 | D:8      | Noticed a two-headed ogre
  9801 | D:8      | Killed a two-headed ogre
 10226 | D:8      | Reached skill level 5 in Shields
 10695 | D:9      | Reached XP level 10. HP: 77/77 MP: 0/20
 11127 | D:9      | Reached skill level 5 in Spellcasting
 11214 | D:9      | Reached skill level 5 in Maces & Flails
 11214 | D:9      | Reached skill level 8 in Earth Magic
 11220 | D:9      | Reached skill level 5 in Dodging
 11314 | D:9      | Found a staircase to the Orcish Mines.
 11518 | D:9      | Got a pitted steel ring
 11520 | D:9      | Identified the ring of Brilliance {+Fly rF+ rN++ Dex+6} (You found it on level 9 of the Dungeon)
 12182 | D:9      | Noticed a two-headed ogre
 12195 | D:9      | Killed a two-headed ogre
 12382 | D:10     | Entered Level 10 of the Dungeon
 12567 | D:10     | Found Riurr's Jewellery Emporium.
 13443 | D:10     | Noticed Snorg
 13769 | D:10     | Slain by an unseen horror

Vault maps used:
D:1:      scummos_arrival_forest, minmay_door_square
D:2:      kennysheep_boxes, uniq_robin
D:3:      minmay_diamond_boxcup, lemuel_crystal_altar, uniq_terence
D:4:      serial_undead, serial_undead_d, serial_undead_f, serial_undead_b,
          serial_undead_a, serial_undead_b, serial_undead_c, serial_undead_a,
          first_bread
D:5:      basic_altar, uniq_ijyb, uniq_duvessa
D:6:      serial_shops, nicolae_shop_trees, nicolae_shop_waterfront
D:7:      temple_doors_e, uniq_pikel
D:8:      lair_entry_dummy
D:9:      zombieorc2_lemuel
D:10:     serial_shops, shop_coins, uniq_snorg

Skill      XL: |  1  2  3  4  5  6  7  8  9 10 |
---------------+-------------------------------+-----
Earth Magic    | 3 4 5 6 7 8 |  8.3
Dodging        | 2 3 4 5 |  5.5
Spellcasting   | 2 3 4 5 |  5.9
Conjurations   | 1 2 3 4 |  4.3
Fighting       | 1 2 3 4 |  4.0
Maces & Flails | 3 4 6 |  6.9
Shields        | 5 |  5.6
Transmutations | 2 3 |  3.0
Stealth        | |  1.7

Action                   |  1- 3 |  4- 6 |  7- 9 | 10-12 || total
-------------------------+-------+-------+-------+-------++-------
Melee: Dagger            |    10 |   193 |   123 |       ||   326
       Unarmed           |     9 |       |       |       ||     9
       Whip              |       |       |   143 |   230 ||   373
 Cast: Sandblast         |    50 |    10 |    11 |     5 ||    76
       Stone Arrow       |     9 |    40 |    61 |    23 ||   133
       Lee's Rapid Decon |       |       |     6 |     8 ||    14
       Petrify           |       |       |     5 |    11 ||    16
  Use: Scroll            |       |       |     8 |     1 ||     9
 Stab: Sleeping          |       |     3 |     4 |     1 ||     8
       Petrified         |       |       |     9 |     7 ||    16
       Distracted        |       |       |       |     2 ||     2
  Eat: Chunk             |     5 |    15 |    19 |    11 ||    50
       Meat ration       |       |       |     1 |       ||     1
Armor: Robe              |     4 |       |       |       ||     4
       Animal skin       |     2 |    67 |    47 |    36 ||   152
Dodge: Dodged            |    27 |   156 |   176 |   129 ||   488
Block: Buckler           |       |       |       |    67 ||    67
